 Dungeon Crawl Stone Soup version 0.31-a0-1-g4198be8af4 (webtiles) character file.

Game seed: 15898247413782856413

20300 Jarnaxa the Carver (level 12, 0/106 HPs)
             Began as a Pale Draconian Berserker on May 2, 2023.
             Was a High Priest of Trog.
             Slain by an iguana (7 damage)
             ... on level 2 of the Lair of Beasts.
             The game lasted 00:35:19 (12153 turns).

Jarnaxa the Carver (Pale Draconian Berserker)      Turns: 12153, Time: 00:35:20

Health: 0/106      AC: 20    Str: 22    XL:     12   Next: 44%
Magic:  12/12      EV: 17    Int:  8    God:    Trog [*****.]
Gold:   1801       SH: 13    Dex: 19    Spells: 11/11 levels left

rFire   . . .        s - +2 falchion (protect)
rCold   . . .        v - +1 buckler
rNeg    . . .        (body armour unavailable)
rPois   .            A - +2 hat
rElec   .            o - +1 cloak
rCorr   .            (no gloves)
SInv    +            z - +0 pair of boots {Fly}
Will    .....        w - amulet of reflection
Stlth   +++          a - +6 ring of dexterity
HPRegen 0.37/turn    H - ring of see invisible
MPRegen 0.13/turn

%: reflection
@: under a protective aura, on berserk cooldown, flying, hasted and slowed
A: breathe steam, AC +8, unfitting armour, cold-blooded, steam resistance
a: Breathe Steam, Renounce Religion, Berserk, Trog's Hand, Brothers in Arms


You were on level 2 of the Lair of Beasts.
You worshipped Trog.
Trog was extremely pleased with you.
You visited 2 branches of the dungeon, and saw 14 of its levels.
You also visited: Bailey.

You collected 1889 gold pieces.
You spent 88 gold pieces at shops.

Inventory:

Hand Weapons
 s - a +2 falchion of protection (weapon)
 L - a +0 great sword
Missiles
 Q - 4 throwing nets (quivered)
Armour
 o - a +1 cloak (worn)
 v - a +1 buckler (worn)
 z - a +0 pair of boots of flying (worn)
 A - a +2 hat (worn)
Jewellery
 a - a +6 ring of dexterity (left hand)
 g - a ring of magical power
 h - an amulet of regeneration
 i - an amulet of magic regeneration
 p - an amulet of faith
 t - a ring of willpower
 w - an amulet of reflection (around neck)
 H - a ring of see invisible (right hand)
 N - a ring of protection from fire
 P - a ring of poison resistance
Wands
 k - a wand of flame (47)
 B - a wand of digging (3)
 D - a wand of roots (10)
 E - a wand of paralysis (6)
Scrolls
 b - 8 scrolls of teleportation
 c - 2 scrolls of identify
 e - 6 scrolls of fog
 j - 4 scrolls of amnesia
 m - 2 scrolls of fear
 r - 2 scrolls of magic mapping {unknown}
 y - a scroll of butterflies {unknown}
 I - a scroll of blinking
 J - a scroll of silence {unknown}
 K - a scroll of enchant armour
 M - a scroll of enchant weapon {unknown}
Potions
 d - a potion of heal wounds
 f - a potion of brilliance
 l - 2 potions of mutation
 n - a potion of haste
 q - 6 potions of flight
 u - a potion of invisibility
 x - 2 potions of curing
 C - a potion of resistance {unknown}
 G - a potion of attraction {unknown}
 O - a potion of ambrosia {unknown}


   Skills:
 + Level 9.9 Fighting
 + Level 13.9 Long Blades
 + Level 8.5 Dodging
 + Level 4.5 Stealth
 + Level 9.2 Shields


You had 11 spell levels left.
You didn't know any spells.
Your spell library was empty.

Dungeon Overview and Level Annotations

Branches:
Dungeon (12/15)            Temple (0/1) D:6            Lair (2/5) D:9
    Orc (0/2) D:12         Bailey (visited)
  Swamp: Lair:2-3    Shoals: Lair:2-3     Snake: Lair:2-3    Spider: Lair:2-3

Altars:
Elyvilon
Makhleb
Qazlal
Ru
Trog
Vehumet
Yredelemnul
Zin

Shops:
D:11 *!*[[

Annotations:
D:10 4 runed translucent doors


Innate Abilities, Weirdness & Mutations

You can breathe blasts of scalding, opaque steam.
Your pale cyan-grey scales are hard. (AC +8)
You cannot fit into any form of body armour.
You are cold-blooded and may be slowed by cold attacks.
You are immune to the effects of steam.


Message History

You feel extremely sick.
The swamp dragon breathes poison at you.
The blast of poison engulfs you but does no damage.
You are more poisoned.
The black mamba bites you but does no damage.
You slash the swamp dragon!
The swamp dragon is moderately wounded.
You are engulfed in poison gas.
You are more poisoned.
* * * LOW HITPOINT WARNING * * *
x2 You feel extremely sick.
The water moccasin barely misses you. You block the black mamba's attack.
The swamp dragon bites you but does no damage.
The swamp dragon claws you but does no damage.
The swamp dragon misses you.
You feel better.
You are engulfed in poison gas.
You are poisoned.
* * * LOW HITPOINT WARNING * * *
x2 You feel very sick.
You block the water moccasin's attack. The black mamba closely misses you.
The water moccasin bites you but does no damage.
The black mamba barely misses you. The swamp dragon completely misses you.
You block the swamp dragon's attack. The swamp dragon misses you.
Your ogre goes berserk!
You have got your breath back.
* * * LOW HITPOINT WARNING * * *
You feel very sick.
The black mamba bites you but does no damage.
You block the water moccasin's attack. You block the swamp dragon's attack.
The swamp dragon barely misses you. The swamp dragon completely misses you.
You feel better. You block the black mamba's attack.
The bullfrog hits you but does no damage.
You block the water moccasin's attack. You block the black mamba's attack.
Your ogre closely misses the swamp dragon.
The bullfrog barely misses you. The swamp dragon bites you.
* * * LOW HITPOINT WARNING * * *
You block the swamp dragon's attack. The swamp dragon tramples you.
* * * LOW HITPOINT WARNING * * *
You are shoved backwards!
The iguana bites you!
You die...

...... ##....##..##...
...... #.#...##^..##..
..P..####...PP#...####
...°○°###.....>..##
#.°°#..####.#.# .
#O.°l..## ## .. ...
#.°S#°°P# #
.....#SD##.°##
......F@###°#
..../#.l# #D#
......... #°°
.........#.°##
..........#°#
....P....#.§l
...###....§§# ..#
....#§§.


You could see a swamp dragon (ally target), a black mamba, a water moccasin, a
bullfrog (poisoned), 2 iguanas and a friendly ogre (summoned, berserk).

Vanquished Creatures
  Harold (Lair:2)
  A centaur warrior (D:11)
  Erica (Lair:2)
  A boulder beetle (D:11)
  A tengu warrior (D:11)
  Pikel (D:7)
  2 orc knights (Bailey)
  Maurice (D:10)
  Joseph (D:8)
  A cane toad (Lair:1)
  Maggie (D:8)
  A rime drake (Lair:2)
  Psyche (D:8)
  A tengu conjurer (D:11)
  2 kobold demonologists (D:12)
  2 trolls
  The ghost of nubinia the Sneak, an amateur OpFE of Vehumet (D:3)
  A spriggan (D:8)
  6 wyverns
  2 wraiths
  42 yaks
  A basilisk (Lair:1)
  4 vampire mosquitoes (D:12)
  A steam dragon (D:9)
  A water moccasin (D:9)
  An ice beast (D:5)
  12 orc warriors
  A black bear (D:5)
  2 ogres
  10 wolves (Lair:2)
  6 centaurs
  A lemure (D:7)
  2 kobold brigands
  5 bullfrogs
  2 scorpions
  5 wights (D:8)
  9 killer bees (D:8)
  6 howler monkeys
  2 hounds (D:5)
  6 orc priests
  A gnoll bouda (D:7)
  A jelly (D:5)
  3 iguanas
  5 orc wizards
  8 gnolls
  3 adders (D:6)
  2 shadow imps
  2 white imps
  An ufetubus (D:5)
  2 worms
  A dart slug (D:2)
  23 orcs
  5 ball pythons
  6 endoplasms
  4 giant cockroaches
  4 hobgoblins
  2 quokkas
  3 bats
  3 frilled lizards
  9 goblins
  29 kobolds
  3 rats
268 creatures vanquished.

Vanquished Creatures (others)
  7 fungi
  3 plants
10 creatures vanquished.

Grand Total: 278 creatures vanquished

Notes
Turn   | Place    | Note
-------+----------+-------------------------------------------
     0 | D:1      | Jarnaxa the Draconian Berserker began the quest for the
                  | Orb.
     0 | D:1      | Reached XP level 1. HP: 19/19 MP: 1/1
   225 | D:1      | Reached XP level 2. HP: 26/26 MP: 2/2
   768 | D:2      | Reached ** piety under Trog
   792 | D:2      | Found a glowing silver altar of Zin.
   881 | D:2      | Found a faded altar of an unknown god.
  1163 | D:2      | Reached XP level 3. HP: 33/33 MP: 3/3
  1729 | D:3      | Noticed nubinia's ghost (amateur OpFE)
  1732 | D:3      | Found a runed translucent door.
  2393 | D:3      | Killed nubinia's ghost
  2394 | D:3      | Reached skill level 4 in Long Blades
  2394 | D:3      | Reached XP level 4. HP: 41/41 MP: 4/4
  2394 | D:3      | Reached XP level 5. HP: 47/47 MP: 5/5
  2503 | D:4      | Reached skill level 5 in Long Blades
  3402 | D:5      | Entered Level 5 of the Dungeon
  3419 | D:5      | Reached skill level 1 in Stealth
  3419 | D:5      | Reached XP level 6. HP: 10/53 MP: 6/6
  3423 | D:5      | HP: 3/79 [poisoned by a scorpion]
  3424 | D:5      | HP: 1/53 [poisoned by a scorpion]
  3566 | D:5      | Reached skill level 6 in Long Blades
  3569 | D:5      | Reached skill level 5 in Fighting
  3569 | D:5      | Your scales start taking on a pale cyan-grey colour.
  3569 | D:5      | Reached XP level 7. HP: 61/61 MP: 7/7
  3569 | D:5      | Gained mutation: You are immune to the effects of steam.
                  | [Pale Draconian growth]
  4288 | D:6      | Found a staircase to the Ecumenical Temple.
  4397 | D:6      | Reached skill level 7 in Long Blades
  4466 | D:6      | Reached skill level 1 in Shields
  4541 | D:6      | Found a sacrificial altar of Ru.
  4681 | D:6      | Reached XP level 8. HP: 54/69 MP: 8/8
  4818 | D:7      | Reached skill level 5 in Dodging
  4852 | D:7      | Found a flagged portal.
  4862 | D:7      | Reached *** piety under Trog
  4869 | Bailey   | Entered a bailey
  4887 | Bailey   | Noticed an orc knight
  4945 | Bailey   | Reached skill level 8 in Long Blades
  4946 | Bailey   | Noticed an orc knight
  4955 | Bailey   | Killed an orc knight
  5021 | Bailey   | Reached XP level 9. HP: 47/78 MP: 9/9
  5058 | Bailey   | Reached skill level 9 in Long Blades
  5106 | Bailey   | Killed an orc knight
  5474 | D:7      | Noticed Pikel
  5486 | D:7      | Killed Pikel
  5487 | D:7      | Reached skill level 10 in Long Blades
  5597 | D:7      | Found a basalt altar of Yredelemnul.
  5975 | D:7      | Reached **** piety under Trog
  6094 | D:7      | Found a stormy altar of Qazlal.
  6226 | D:7      | Found a burning altar of Makhleb.
  6404 | D:8      | Reached XP level 10. HP: 72/86 MP: 10/10
  6620 | D:8      | Noticed Joseph
  6632 | D:8      | Killed Joseph
  6633 | D:8      | Reached skill level 5 in Shields
  6842 | D:8      | Noticed Psyche
  6861 | D:8      | Killed Psyche
  7115 | D:8      | Reached skill level 11 in Long Blades
  7191 | D:8      | Noticed Maggie
  7204 | D:8      | Killed Maggie
  7420 | D:9      | Found a staircase to the Lair.
  7496 | D:9      | Found a radiant altar of Vehumet.
  8080 | D:9      | Reached XP level 11. HP: 95/95 MP: 11/11
  8547 | D:10     | Entered Level 10 of the Dungeon
  8648 | D:10     | Reached skill level 12 in Long Blades
  8790 | D:10     | Found a huge runed translucent gate.
  8790 | D:10     | Found a huge runed translucent gate.
  8790 | D:10     | Found a huge runed translucent gate.
  8791 | D:10     | Found a huge runed translucent gate.
  9014 | D:10     | Noticed Maurice
  9035 | D:10     | Killed Maurice
  9052 | D:10     | Found a white marble altar of Elyvilon.
  9337 | D:10     | Found a bloodstained altar of Trog.
  9417 | D:11     | Found Esirer's Antique Armour Boutique.
  9425 | D:11     | Found Weoreib's Armour Boutique.
  9509 | D:11     | Noticed a boulder beetle
  9531 | D:11     | Killed a boulder beetle
  9572 | D:11     | Noticed a tengu warrior
  9591 | D:11     | Killed a tengu warrior
  9646 | D:11     | Noticed a centaur warrior
  9657 | D:11     | Killed a centaur warrior
  9901 | D:11     | Found Woysm's Distillery.
  9909 | D:11     | Bought a potion of curing for 33 gold pieces
  9909 | D:11     | Bought a potion of heal wounds for 55 gold pieces
  9969 | D:11     | Found Rivaegisaci's General Store.
 10221 | D:11     | Found Weowkori's Assorted Antiques.
 10440 | D:12     | Found a staircase to the Orcish Mines.
 10494 | D:12     | Noticed a sun demon
 10523 | D:12     | Reached skill level 13 in Long Blades
 10665 | Lair:1   | Entered Level 1 of the Lair of Beasts
 10890 | Lair:1   | Reached XP level 12. HP: 98/104 MP: 12/12
 11816 | Lair:2   | Reached ***** piety under Trog
 11893 | Lair:2   | Found a radiant altar of Vehumet.
 11976 | Lair:2   | Noticed Harold
 12001 | Lair:2   | Killed Harold
 12124 | Lair:2   | Noticed Erica
 12136 | Lair:2   | Killed Erica
 12153 | Lair:2   | Slain by an iguana

Illustrated notes

Levels and vault maps discovered:
D:1:      dpeg_arrival_radiant, layout_loops_ring
D:2:      layout_loops_ring, shapermc_ecumenical_altar_mp_highgroup, basic_altar
D:3:      layout_loops_corners, hellmonk_ghost_happy_afterlife
D:4:      layout_basic, minmay_pentangle
D:5:      layout_loops_ring, kennysheep_pointless_box, corexii_corridor_pit,
          kennysheep_generic_room_2
D:6:      wander_river, layout_basic, nicolae_ru_sacrificial_ziggurat,
          minmay_temple_entry_wispy, feat_on_display
D:7:      layout_basic, nicolae_overflow_hidden_temple, enter_bailey_3,
          uniq_pikel
D:8:      layout_gridville, the_hattery, uniq_maggie, uniq_joseph, uniq_psyche
D:9:      minmay_skewed_foursquare, layout_basic, lemuel_doored_altar,
          dpeg_oklobed_lair, nicolae_figureground_pulse
D:10:     lemuel_bear_cage, layout_loops_ring,
          mainiacjoe_overflow_small_starburst, nicolae_elyvilon_temple_path,
          uniq_maurice
D:11:     layout_basic, serial_shops, shop, shop, nicolae_diamond_shop,
          nicolae_square_shop, nicolae_shop_tiny_waterfront
D:12:     layout_basic, orc_0_dummy
Lair:1:   layout_layer_cave, minivault_26, infiniplex_staircase_pool,
          serial_bayou_shore_b
Lair:2:   layout_gridlike, minmay_swamp_entry_reptiles,
          chequers_serial_rivers_room_b, columned_hall_lemuel,
          nicolae_quartered_pool_super, lemuel_centaur_altar, uniq_erica,
          uniq_harold

Skill      XL: |  1  2  3  4  5  6  7  8  9 10 11 12 |
---------------+-------------------------------------+-----
Dodging        | 3 4 5 6 7 8 |  8.5
Fighting       | 4 5 6 7 8 9 |  9.9
Long Blades    | 4 5 6 7 8 10 11 13 | 13.9
Stealth        | 1 2 3 4 |  4.5
Shields        | 1 2 4 6 8 9 |  9.2

Action                     |  1- 3 |  4- 6 |  7- 9 | 10-12 || total
---------------------------+-------+-------+-------+-------++-------
  Melee: Falchion          |    93 |       |   211 |   645 ||   949
         Tailslap          |    11 |     6 |    41 |   133 ||   191
         Long sword        |     7 |    47 |    30 |       ||    84
         Punch             |     1 |     2 |       |       ||     3
 Invoke: Berserk           |     1 |     4 |     4 |    13 ||    22
         Brothers in Arms  |       |       |       |     1 ||     1
Ability: Breathe Steam     |       |       |    10 |    19 ||    29
    Use: Scroll            |     3 |     4 |     3 |     4 ||    14
         Potion            |       |     7 |     1 |     7 ||    15
   Stab: Sleeping          |     1 |       |     1 |     4 ||     6
         Distracted        |       |       |     1 |       ||     1
 Armour: Skin              |    25 |    15 |    44 |   155 ||   239
  Dodge: Dodged            |    63 |    34 |   103 |   323 ||   523
  Block: Buckler           |       |     4 |    91 |   333 ||   428
         Reflection        |       |       |    11 |    24 ||    35

Table legend: (Time is in decaauts)
 A = Elapsed time spent in this place.
 B = Non-inter-level travel time spent in this place.
 C = Inter-level travel time spent in this place.
 D = Time resting spent in this place.
 E = Time spent auto-exploring this place.
 F = Levels seen in this place.
 G = Mean time per level.
                   A        B        C        D        E       F      G
               +--------+--------+--------+--------+--------+-----+--------+
         Total |  12157 |  11648 |    509 |    264 |   9129 |  15 |  810.5 |
       Dungeon |  10170 |   9671 |    499 |    260 |   7724 |  12 |  847.5 |
          Lair |   1414 |   1405 |      9 |      4 |   1091 |   2 |  707.0 |
        Bailey |    572 |    572 |      0 |      0 |    312 |   1 |  572.0 |
               +--------+--------+--------+--------+--------+-----+--------+

Top non-repeatable levels by time:
     D:9: 1197 daAuts
     D:3: 1104 daAuts
     D:8: 1094 daAuts
    D:11: 1028 daAuts
     D:4: 965 daAuts
     D:7: 936 daAuts
  Lair:1: 901 daAuts
    D:10: 875 daAuts
     D:5: 851 daAuts
     D:1: 766 daAuts
     D:6: 608 daAuts
     D:2: 607 daAuts
  Bailey: 572 daAuts
  Lair:2: 512 daAuts
    D:12: 136 daAuts
